 Dungeon Crawl Stone Soup version 0.29-a0-1065-g47a6bb87d6 (webtiles) character file.

Game seed: 17792660323147103957

58 spaghetti the Digger (level 4, 0/30 HPs)
             Began as a Formicid Earth Elementalist on Aug 18, 2022.
             Was an Initiate of Ru.
             Slain by Terence
             ... wielding a +0 trident
              (6 damage)
             ... on level 2 of the Dungeon.
             The game lasted 00:02:05 (1806 turns).

spaghetti the Digger (Formicid Earth Elementalist)  Turns: 1806, Time: 00:02:06

Health: 0/30       AC:  2    Str: 13    XL:     4   Next: 20%
Magic:  3/8        EV: 12    Int: 16    God:    Ru [......]
Gold:   140        SH:  0    Dex: 14    Spells: 4/8 levels left

rFire   . . .      SeeInvis +     - Unarmed
rCold   . . .      Faith    .   (no shield)
rNeg    . . .      Spirit   .   a - +0 robe
rPois   .          Reflect  .   (helmet unavailable)
rElec   .          Harm     .   (no cloak)
rCorr   .          Rampage  .   (no gloves)
Will    .....                   (no boots)
Stlth   ++........              (no amulet)
HPRegen 0.10/turn               (no ring)
MPRegen 0.11/turn               (no ring)

@: no status effects
A: permanent stasis, dig shafts and tunnels, antennae 3, four strong arms
a: Dig, Shaft Self, Renounce Religion, Sacrifice Nimbleness, Sacrifice Drink,
Sacrifice Purity, Reject Sacrifices


You were on level 2 of the Dungeon.
You worshipped Ru.
Ru was noncommittal.
You visited 1 branch of the dungeon, and saw 2 of its levels.

You collected 140 gold pieces.


Innate Abilities, Weirdness & Mutations

You cannot be hasted, slowed, berserked, paralysed or teleported.
You can dig through walls and to a lower floor.
You have a pair of large antennae on your head. (SInv)
Your four strong arms can wield two-handed weapons with a shield.


   Skills:
 - Level 1.7 Dodging
 - Level 2.4 Stealth
 + Level 1.9 Unarmed Combat
 + Level 2.9 Spellcasting
 - Level 1.1 Transmutations
 + Level 4.4 Earth Magic


You had 4 spell levels left.
You knew the following spells:

 Your Spells              Type           Power      Damage    Failure   Level
a - Sandblast             Erth           32%        2d9       3%          1
b - Stone Arrow           Conj/Erth      18%        3d8       22%         3

Your spell library contained the following spells:

 Spells                   Type           Power      Damage    Failure   Level
 Passwall                 Tmut/Erth      9%         N/A       9%          2
 Sublimation of Blood     Necr           2%         N/A       28%         2
 Petrify                  Tmut/Erth      11%        N/A       52%         4
 Irradiate                Conj/Tmut      2%         3d12      99%         5

Inventory:

Hand Weapons
 d - a +0 club {mace}
   (You took it off a goblin on level 1 of the Dungeon)
 e - a +0 club {mace}
   (You took it off a goblin on level 1 of the Dungeon)
 f - a +0 dagger {short}
   (You found it on level 1 of the Dungeon)
 g - a +0 dagger {short}
   (You took it off a kobold on level 1 of the Dungeon)
 i - a +0 whip {mace}
   (You took it off a kobold on level 1 of the Dungeon)
 k - a +0 spear {polearm}
   (You found it on level 1 of the Dungeon)
 l - a +0 short sword {short}
   (You found it on level 2 of the Dungeon)
 n - a +0 club {mace}
   (You took it off a goblin on level 2 of the Dungeon)
 p - a +0 sling
   (You took it off a kobold on level 2 of the Dungeon)
 q - a +0 dagger {short}
   (You took it off a kobold on level 2 of the Dungeon)
 t - a +0 dagger {short}
   (You found it on level 2 of the Dungeon)
Missiles
 h - 16 stones {throwing}
Armour
 a - a +0 robe (worn)
Scrolls
 c - a scroll of teleportation {unknown}
 j - 2 scrolls of identify {unknown}
 m - a scroll of noise {unknown}
 s - a scroll of poison {unknown}
Potions
 b - a potion of magic
 o - a potion of attraction {unknown}
 r - a potion of might {unknown}

Dungeon Overview and Level Annotations

Branches:
Dungeon (2/15) Zot: 10168

Altars:
Ru

Annotations:
D:2 Terence

#...........#...
####..##.........~.####
##.....#.........#~~≈≈≈≈
#........##....#..~≈≈≈≈≈
.........###..#...~≈~≈≈≈
.........# #....###..≈~~
.........####.........#.
......†..#....#####.....
.....@.@......# ....#
..............# ...
.........#....#
..?......#....#
.........#....#
.........#....#
#........######
##.....#.#


You could see Terence.


Message History

h - 16 stones {throwing} (gained 5)
n - a +0 club {mace};
o - a viscous green potion 😎 HP[+7] MP[+5]
Your hp is fully restored (30).
Your mp is fully restored (8).
p - a +0 sling;
q - a +0 dagger {short};
r - a coppery potion
s - a scroll labelled UDIGAT VOGOEKE You now have 133 gold pieces (gained 15).
As you open the door, it creaks loudly!
There is an open door here.
There is a faded altar of an unknown god here.
You cannot tell which god this altar belongs to.
Convert to them anyway?
Ru accepts your prayer! Ru welcomes you!
Unknown command.
Press < or > to pray at altars.
t - a +0 dagger {short}
There is a sacrificial altar of Ru here.
There is an open door here.
You now have 140 gold pieces (gained 7).
A ball python comes into view.
A ball python is nearby!
A ball python is nearby!
A ball python is nearby!
A ball python is nearby!
A ball python is nearby!
An endoplasm comes into view.
Ru believes you are ready to make a new sacrifice.
Unknown command.
Casting: Sandblast (safe; 3% risk of failure)
Confirm with . or Enter, or press ? or * to list all spells.
You can't see any susceptible monsters within range! (Use Z to cast anyway.) Terence the Incautious comes into view.
He is wielding a +0 trident, wearing a +4 ring mail of fire resistance and carrying a wand of flame (5).
Casting: Sandblast (safe; 3% risk of failure)
Confirm with . or Enter, or press ? or * to list all spells.
Aiming: Sandblast (safe; 3% risk of failure)
Press: ? - help, Shift-Dir - straight line, f - endoplasm
Aim: an endoplasm (98% to hit)
The blast of sand hits the endoplasm.
The ball python hisses angrily.
Terence screams, "I want your blood!"
Terence zaps a wand.
The puff of flame misses you. 😎 MP[-1]
You lost 1 mp, and now have 7/8 mp.
Casting: Sandblast (safe; 3% risk of failure)
Confirm with . or Enter, or press ? or * to list all spells.
Aiming: Sandblast (safe; 3% risk of failure)
Press: ? - help, Shift-Dir - straight line, f/p - endoplasm
Aim: an endoplasm (moderately wounded, 98% to hit)
The blast of sand hits the endoplasm!
You kill the endoplasm!
Terence barely misses you. The ball python bites you.
The ball python grabs you. The ball python constricts you.
Terence hits you from afar with a +0 trident!
The ball python barely misses you.
The ball python constricts you. 😮 HP[-9] MP[-1]
You take 9 damage, and now have 21/30 hp.
MASSIVE DAMAGE!! (PAUSE)
You lost 1 mp, and now have 6/8 mp.
Casting: Sandblast (safe; 3% risk of failure)
Confirm with . or Enter, or press ? or * to list all spells.
Aiming: Sandblast (safe; 3% risk of failure)
Press: ? - help, Shift-Dir - straight line, f - ball python
Aim: a ball python (constricting you, 80% to hit)
The blast of sand hits the ball python!
You kill the ball python!
Terence hits you from afar with a +0 trident. 😮 HP[-5] MP[-1]
You take 5 damage, and now have 16/30 hp.
You lost 1 mp, and now have 5/8 mp.
Casting: Sandblast (safe; 3% risk of failure)
Confirm with . or Enter, or press ? or * to list all spells.
Aiming: Sandblast (safe; 3% risk of failure)
Press: ? - help, Shift-Dir - straight line, f - Terence
Aim: Terence, wielding a +0 trident, wearing a +4 ring mail of fire resistance and carrying a wand of flame (4) (84% to hit)
The blast of sand hits Terence.
Terence barely misses you. Terence misses you. 😮 MP[-1]
You lost 1 mp, and now have 4/8 mp.
Casting: Sandblast (safe; 3% risk of failure)
Confirm with . or Enter, or press ? or * to list all spells.
Aiming: Sandblast (safe; 3% risk of failure)
Press: ? - help, Shift-Dir - straight line, f/p - Terence
Aim: Terence, wielding a +0 trident, wearing a +4 ring mail of fire resistance and carrying a wand of flame (4) (lightly wounded, 84% to hit)
The blast of sand hits Terence but does no damage.
Terence barely misses you. 😮 HP[+1] MP[-1]
You lost 1 mp, and now have 3/8 mp.
Casting: Sandblast (safe; 3% risk of failure)
Confirm with . or Enter, or press ? or * to list all spells.
Aiming: Sandblast (safe; 3% risk of failure)
Press: ? - help, Shift-Dir - straight line, f/p - Terence
Aim: Terence, wielding a +0 trident, wearing a +4 ring mail of fire resistance and carrying a wand of flame (4) (lightly wounded, 84% to hit)
The blast of sand hits Terence.
Terence zaps a wand.
The puff of flame hits you!
* * * LOW HITPOINT WARNING * * *
Terence shouts, "Get ready for death!"
Terence hits you from afar with a +0 trident.
You die...

Skill      XL: |  1  2 |
---------------+-------+-----
Unarmed Combat | 1 |  1.9
Earth Magic    | 4 |  4.4
Dodging        | |  1.7
Stealth        | |  2.4
Spellcasting   | |  2.9
Transmutations | |  1.1

Action                   |  1- 3 |  4- 6 || total
-------------------------+-------+-------++-------
Melee: Unarmed           |    19 |       ||    19
       Punch             |     1 |       ||     1
 Cast: Sandblast         |    34 |    12 ||    46
Armor: Robe              |     6 |     1 ||     7
Dodge: Dodged            |    21 |     7 ||    28

Levels and vault maps discovered:
D:1:      minmay_arrival_plants_in_alcoves, layout_basic,
          grunt_decor_mini_mirrors
D:2:      layout_rooms, nicolae_ecumenical_lake_church, uniq_terence

Notes
Turn   | Place    | Note
-------+----------+-------------------------------------------
     0 | D:1      | spaghetti the Formicid Earth Elementalist began the quest
                  | for the Orb.
     0 | D:1      | Reached XP level 1. HP: 13/13 MP: 3/3
     0 | D:1      | magus.rc [v1.9.6]
   423 | D:1      | Reached XP level 2. HP: 19/19 MP: 3/5
   640 | D:1      | Reached skill level 1 in Unarmed Combat
   690 | D:1      | You pick up a book of Alchemy and begin reading...
   690 | D:1      | You add the spells Sublimation of Blood and Irradiate to
                  | your library.
   711 | D:1      | Reached skill level 4 in Earth Magic
   852 | D:1      | Reached XP level 3. HP: 24/24 MP: 4/6
   856 | D:1      | Learned a level 3 spell: Stone Arrow
  1619 | D:2      | Found a faded altar of an unknown god.
  1623 | D:2      | Reached XP level 4. HP: 28/30 MP: 5/8
  1779 | D:2      | Prayed at the altar of an unknown god.
  1779 | D:2      | Became a worshipper of Ru the Awakened
  1798 | D:2      | Noticed Terence
  1806 | D:2      | HP: 6/30 [Terence/puff of flame (11)]
  1806 | D:2      | Slain by Terence

Vanquished Creatures
  2 adders (D:2)
  A worm (D:2)
  2 dart slugs
  3 bats (D:1)
  3 endoplasms
  2 giant cockroaches
  3 goblins
  3 hobgoblins
  2 quokkas (D:2)
  3 ball pythons
  2 frilled lizards (D:1)
  3 kobolds
  3 rats
32 creatures vanquished.

Table legend:
 A = Non-vault XP
 B = Vault XP
 C = Vault XP percentage of total XP
 D = Non-vault monster count
 E = Vault monster count
 F = Vault count percentage of total count
                 A         B        C        D         E       F
            +---------+---------+-------+---------+---------+-------
      Total |      83 |       0 |   0.0 |      32 |       0 |   0.0
            +---------+---------+-------+---------+---------+-------
        D:1 |      31 |       0 |   0.0 |      18 |       0 |   0.0
        D:2 |      52 |       0 |   0.0 |      14 |       0 |   0.0
            +---------+---------+-------+---------+---------+-------

Illustrated notes

Table legend:
 A = Kills in this place as a percentage of kills in entire the game.
 B = Kills by you in this place as a percentage of kills by you in the entire game.
 C = Kills by friends in this place as a percentage of kills by friends in the entire game.
 D = Other kills in this place as a percentage of other kills in the entire game.
 E = Experience gained in this place as a percentage of experience gained in the entire game.
 F = Experience gained in this place divided by the number of levels of this place that you have seen.
                   A       B       C       D       E      F
               +-------+-------+-------+-------+-------+----------------------
         Total | 100.0 | 100.0 |   N/A |   N/A | 100.0 |  41.5
       Dungeon | 100.0 | 100.0 |   N/A |   N/A | 100.0 |  41.5
               +-------+-------+-------+-------+-------+----------------------

Table legend: (Time is in decaauts)
 A = Elapsed time spent in this place.
 B = Non-inter-level travel time spent in this place.
 C = Inter-level travel time spent in this place.
 D = Time resting spent in this place.
 E = Time spent auto-exploring this place.
 F = Levels seen in this place.
 G = Mean time per level.
                   A        B        C        D        E       F      G
               +--------+--------+--------+--------+--------+-----+--------+
         Total |   1830 |   1766 |     64 |      0 |   1563 |   2 |  915.0 |
       Dungeon |   1830 |   1766 |     64 |      0 |   1563 |   2 |  915.0 |
               +--------+--------+--------+--------+--------+-----+--------+

Top non-repeatable levels by time:
     D:1: 1396 daAuts
     D:2: 433 daAuts
